AoeStats
← ML16798

MegaRandom

510142953Analyzed
3v3 RM · 3d ago on Sep 29, 2026· 53m 34s· 6 players
Game mode
Random Map
Map size
Normal (6 player)
Population
200
Speed
Normal
Resources
Standard
Victory
Conquest
Starting age
Dark Age
Ending age
Imperial Age
RankedLock teamsTeams togetherTeam positionsShared explorationLock speedFull tech treeHidden civsTurbo modeCheats
Victory
Defeat
🇲🇽 Huns · Mexico
977
+12
🇦🇷 Bohemians · Argentina
966
+13
🇵🇹 Vikings · Portugal
853
+17
🇪🇪 Wu · Estonia
902
-15
🇪🇪 Italians · Estonia
899
-14
🇪🇪 Dravidians · Estonia
874
-13
Pickle
0:39 Loom
10:53 Feudal Age
12:02 Double-Bit Axe
12:53 Wheelbarrow
12:05 Town Watch
16:12 Fishing Lines
21:05 Castle Age
19:33 Padded Archer Armor
20:18 Fletching
22:10 Medium Warships
22:35 Hand Cart
22:31 Stone Mining
22:32 Gold Mining
23:22 Bow Saw
29:50 Ballistics
31:03 Stone Shaft Mining
32:54 Murder Holes
35:36 Gillnets
39:17 Imperial Age
41:47 Chemistry
40:59 Masonry
49:43 Elite Cannon Galleon
Lillek3
0:47 Loom
12:22 Feudal Age
13:05 Double-Bit Axe
18:23 Fishing Lines
21:07 Bloodlines
25:51 Castle Age
24:16 Padded Archer Armor
24:07 Fletching
24:23 Scale Barding Armor
24:29 Forging
27:06 Medium Warships
27:50 Leather Archer Armor
27:31 Bodkin Arrow
27:58 Chain Barding Armor
28:36 Gold Mining
28:37 Stone Mining
31:23 Red Cliffs Tactics
35:35 Imperial Age
34:47 Wheelbarrow
35:50 Bow Saw
36:30 Elite Fire Archer
37:13 Sitting Tiger
37:36 Conscription
41:11 Arson
41:27 Squires
43:03 Bracer
45:47 Iron Casting
45:14 Scale Mail Armor
48:10 Chain Mail Armor
48:56 Blast Furnace
49:28 Murder Holes
49:55 Ballistics
51:28 Masonry
Jullllz
2:28 Loom
11:44 Feudal Age
13:04 Wheelbarrow
12:16 Double-Bit Axe
18:30 Forging
18:21 Scale Mail Armor
18:16 Gold Mining
18:52 Man-at-Arms
22:06 Castle Age
22:16 Arson
22:40 Long Swordsman
23:08 Gambesons
24:02 Iron Casting
25:31 Chain Mail Armor
26:21 Stone Mining
28:33 Squires
28:20 Arson
29:07 Bow Saw
32:31 Hand Cart
31:58 Horse Collar
33:41 Husbandry
42:31 Imperial Age
43:14 Medical Corps
48:25 Conscription
49:09 Ballistics
49:44 Scale Barding Armor
50:40 Blast Furnace
ML16798
0:36 Loom
11:58 Feudal Age
12:24 Double-Bit Axe
12:26 Town Watch
12:39 Fishing Lines
18:47 Castle Age
19:46 Wheelbarrow
20:41 Town Patrol
21:31 Bow Saw
21:03 Horse Collar
26:15 Fervor
26:53 Heavy Plow
27:40 Forging
29:22 Scale Mail Armor
30:47 Wagenburg Tactics
30:54 Fletching
31:08 Squires
30:54 Arson
35:08 Imperial Age
32:36 Gillnets
34:11 Chemistry
33:32 Ballistics
34:39 Murder Holes
34:56 Masonry
34:43 Bodkin Arrow
37:21 Conscription
36:31 Elite Hussite Wagon
38:15 Guilds
38:05 Caravan
38:49 Padded Archer Armor
39:25 Iron Casting
39:05 Chain Mail Armor
38:56 Scale Barding Armor
38:52 Bracer
39:31 Hand Cart
41:36 Architecture
49:15 Blast Furnace
48:46 Plate Mail Armor
48:36 Chain Barding Armor
48:32 Leather Archer Armor
48:25 Siege Engineers
48:31 Fortified Wall
48:12 Guard Tower
48:28 Siphons
54:50 Two-Man Saw
54:23 Ring Archer Armor
alex_zaitsevae
8:59 Loom
11:47 Feudal Age
12:22 Fishing Lines
13:41 Double-Bit Axe
15:38 Man-at-Arms
22:23 Castle Age
23:17 Medium Warships
22:58 Pikeman
30:41 Bloodlines
36:54 Husbandry
39:09 Gold Mining
39:12 Stone Mining
43:17 Imperial Age
40:39 Fletching
40:49 Padded Archer Armor
42:20 Caravan
43:10 Bodkin Arrow
44:08 Gold Shaft Mining
43:54 Cavalier
45:37 Wheelbarrow
46:10 Bracer
48:02 Chemistry
48:12 Murder Holes
48:51 Heavy Warships
51:06 Conscription
50:10 Elite Tarkan
51:27 Marauders
51:52 Atheism
ThePriest10
0:47 Loom
12:39 Feudal Age
17:18 Castle Age
23:48 Town Watch
29:18 Stone Mining
29:21 Gold Mining
29:19 Double-Bit Axe
29:18 Horse Collar
32:03 Town Patrol
32:05 Heavy Plow
32:18 Bow Saw
37:49 Imperial Age
35:44 Ballistics
38:17 Caravan
39:11 Scale Barding Armor
38:52 Cavalier
41:18 Chain Barding Armor
43:09 Two-Man Saw
43:12 Padded Archer Armor
43:02 Fletching
43:22 Forging
43:13 Scale Mail Armor
44:34 Chemistry
Connection lost

Rejoining the realm…

Still unreachable

The connection could not be restored.

Session expired

The server has moved on; the page needs a fresh start.